Los Angeles Kings vs Washington Capitals
Created - Tuesday, March 25, 2025 at 08:53
Goals
|
| Los Angeles Kings |
1 |
0 |
2 |
3 |
| Washington Capitals |
4 |
0 |
0 |
4 |
|
Shots
|
| Los Angeles Kings |
12 |
8 |
8 |
28 |
| Washington Capitals |
11 |
7 |
9 |
27 |
|
1st period
1. Washington Capitals , Brad Marchand 16 (Nico Hischier 22) at 3:24 (PP)
2. Washington Capitals , Jason Robertson 10 (Nico Hischier 23, Thomas Harley 10) at 5:58
3. Washington Capitals , Jamie Oleksiak 3 (Jordan Kyrou 19, Drake Batherson 22) at 7:44 (PP)
4. Los Angeles Kings , Michael Eyssimont 7 (Noah Dobson 21, Blake Wheeler 5) at 9:09
5. Washington Capitals , Fabian Zetterlund 6 (Jordan Kyrou 20, Thomas Harley 11) at 12:06
Penalties :
Logan Cooley (LAK) for Holding (Minor) at 3:19, Noah Dobson (LAK) for Holding (Minor) at 7:33, Drake Batherson (WSH) for Roughing (Minor) at 12:42, Erik Brannstrom (LAK) for Tripping (Minor) at 17:12
2nd period
No Goal
Penalties :
Brad Marchand (WSH) for Unsportsmanlike conduct (Minor) at 5:37
3rd period
6. Los Angeles Kings , Michael Milne 4 (Peyton Krebs 5, Michael Eyssimont 6) at 10:11
7. Los Angeles Kings , Andrei Svechnikov 19 (Adam Fantilli 16, Alexander Romanov 8) at 14:48 (PP)
Penalties :
Michael Eyssimont (LAK) for Hooking (Minor) at 4:03, Owen Tippett (WSH) for Holding (Minor) at 13:56, Peyton Krebs (LAK) for High sticking (Minor) at 16:44
Goalie Stats
Andrei Vasilevskiy (LAK), 23 saves from 27 shots - (0.852), L, 6-12-3, 58:57 minutes
Jake Oettinger (WSH), 25 saves from 28 shots - (0.893), W, 17-10-0, 60:00 minutes
Players Stats for Los Angeles Kings
Player Name G A P +/- PIM S H SB GA TA FO MP PP MP PK MP
------------------------------------------------------------------------------------
Adam Fantilli 0 1 1 0 0 4 1 0 1 0 4/9 18:11 2:32 1:11
Alexander Alexeyev 0 0 0 1 0 2 0 1 0 0 0/0 14:30 0:00 0:00
Alexander Romanov 0 1 1 -1 0 1 1 0 0 1 0/0 22:37 2:36 3:03
Andrei Svechnikov 1 0 1 0 0 5 1 0 1 0 0/0 19:41 2:32 2:57
Blake Wheeler 0 1 1 0 0 0 0 1 0 0 0/0 20:12 2:32 0:00
Cooper Marody 0 0 0 -1 0 0 1 0 0 0 2/4 5:23 0:00 0:00
Erik Brannstrom 0 0 0 -2 2 1 2 2 0 0 0/2 21:34 2:18 1:52
K'Andre Miller 0 0 0 0 0 2 0 0 1 1 0/0 22:59 2:14 3:10
Logan Cooley 0 0 0 -1 2 0 0 0 2 2 11/26 18:58 2:18 2:46
Michael Eyssimont 1 1 2 2 2 3 1 1 1 0 0/1 14:44 0:00 0:00
Michael Milne 1 0 1 2 0 1 1 0 0 0 0/0 14:50 0:00 0:19
Noah Dobson 0 1 1 0 2 0 1 2 1 0 0/0 23:17 2:14 3:10
Owen Power 0 0 0 -1 0 1 2 1 0 2 0/0 22:40 2:36 3:03
Peyton Krebs 0 1 1 2 2 5 1 0 2 1 3/7 15:15 0:00 0:24
Ryan Reaves 0 0 0 0 0 0 1 0 0 0 0/0 3:26 0:00 0:00
Seth Jarvis 0 0 0 -1 0 2 2 0 1 2 0/4 18:55 2:18 2:57
Trent Frederic 0 0 0 0 0 1 1 0 0 0 0/1 16:30 0:00 0:00
Vitali Kravtsov 0 0 0 0 0 0 0 0 0 0 0/0 0:00 0:00 0:00
Players Stats for Washington Capitals
Player Name G A P +/- PIM S H SB GA TA FO MP PP MP PK MP
------------------------------------------------------------------------------------
Alex Ovechkin 0 0 0 0 0 3 1 0 0 0 0/1 13:24 0:00 0:00
Brad Marchand 1 0 1 0 2 3 2 1 1 1 2/2 18:10 3:05 1:29
Derek Forbort 0 0 0 0 0 0 0 0 0 0 0/0 0:17 0:00 0:00
Drake Batherson 0 1 1 0 2 3 2 0 2 0 0/0 16:39 3:05 0:00
Fabian Zetterlund 1 0 1 0 0 1 3 0 1 0 0/0 13:14 0:03 1:05
Ian Cole 0 0 0 0 0 1 2 1 0 0 0/0 20:55 2:28 2:11
Jamie Oleksiak 1 0 1 -1 0 3 2 2 0 3 0/0 27:55 1:40 3:03
Jason Robertson 1 0 1 0 0 2 0 0 0 1 0/0 16:29 3:05 0:00
John Carlson 0 0 0 0 0 0 2 1 0 1 0/0 20:06 1:50 0:00
Jordan Kyrou 0 2 2 0 0 4 1 0 1 1 3/3 14:49 3:05 0:00
Michael McLeod 0 0 0 0 0 1 1 0 1 0 3/8 11:15 0:00 2:04
Mikael Backlund 0 0 0 0 0 1 0 0 1 0 12/17 17:53 0:00 2:46
Nick Foligno 0 0 0 0 0 2 1 0 0 0 2/6 16:39 0:03 2:16
Nick Jensen 0 0 0 0 0 1 0 0 0 2 0/0 25:15 3:15 2:58
Nico Hischier 0 2 2 0 0 1 2 0 1 0 11/16 16:57 3:05 0:00
Owen Tippett 0 0 0 0 2 1 3 1 0 0 0/0 11:52 3:05 0:00
Thomas Harley 0 2 2 1 0 0 3 0 1 0 0/0 22:31 3:13 1:28
Yegor Chinakhov 0 0 0 0 0 0 0 0 0 1 1/1 10:47 0:03 0:00
3 Stars
1 - Thomas Harley (WSH)
2 - Michael Eyssimont (LAK)
3 - Michael Milne (LAK)
Power Play
Los Angeles Kings - 1 on 3 Attempt(s) - 33.33%
Washington Capitals - 2 on 5 Attempt(s) - 40.00%
Penalty Kill
Los Angeles Kings - 3 on 5 Attempt(s) - 60.00%
- Score 0 goal in Penalty Kill
Washington Capitals - 2 on 3 Attempt(s) - 66.67%
- Score 0 goal in Penalty Kill
Team Stat
Los Angeles Kings - Hits : 16 - Faceoff Wins : 20 - Blocked Shots : 8 - Penalty Minutes : 10
Washington Capitals - Hits : 25 - Faceoff Wins : 34 - Blocked Shots : 6 - Penalty Minutes : 6
Official
Referees : Francois St Laurent and Jon Mcisaac
Linesman : Devin Berg and Trent Knorr
Game Notes
Derek Forbort is injured at 1:17 of 1st period (Bruised Left Leg)
Finance
Level 1 -- Attendance: 6000 (100.00%) -- Ticket Income $570,000
Level 2 -- Attendance: 4745 (94.90%) -- Ticket Income $260,975
Level 3 -- Attendance: 2807 (93.57%) -- Ticket Income $92,631
Level 4 -- Attendance: 5000 (100.00%) -- Ticket Income $110,000
Luxury Box -- Attendance: 833 (83.30%) -- Ticket Income $162,435
Game was played at the Verizon Center.
Total Attendance: 19385 (96.93%)
Total Ticket Income: $1,196,041
Other Income: $418,614
Total Income: $1,614,655
Los Angeles Kings
5 vs 5 Forward
Center Left Wing Right Wing Time % Phy DF OF
1 Logan Cooley Erik Brannstrom Seth Jarvis 30 1 2 2
2 Adam Fantilli Trent Frederic Andrei Svechnikov 30 1 2 2
3 Peyton Krebs Michael Milne Michael Eyssimont 25 1 2 2
4 Cooper Marody Erik Brannstrom Blake Wheeler 15 1 2 2
5 vs 5 Defense
Defense Defense Time % Phy DF OF
1 Noah Dobson K'Andre Miller 35 1 2 2
2 Alexander Romanov Owen Power 35 1 2 2
3 Alexander Alexeyev Blake Wheeler 30 1 2 2
4 Noah Dobson K'Andre Miller 0 1 2 2
PowerPlay Forward
Center Left Wing Right Wing Time % Phy DF OF
1 Logan Cooley Erik Brannstrom Seth Jarvis 50 1 2 2
2 Adam Fantilli Blake Wheeler Andrei Svechnikov 50 1 2 2
PowerPlay Defense
Defense Defense Time % Phy DF OF
1 Noah Dobson K'Andre Miller 50 1 2 2
2 Alexander Romanov Owen Power 50 1 2 2
Penalty Kill 4 Players Forward
Center Wing Time % Phy DF OF
1 Seth Jarvis Andrei Svechnikov 50 1 2 2
2 Erik Brannstrom Logan Cooley 50 1 2 2
Penalty Kill 4 Players Defense
Defense Defense Time % Phy DF OF
1 Noah Dobson K'Andre Miller 50 1 2 2
2 Alexander Romanov Owen Power 50 1 2 2
Penalty Kill - 3 Players Forward
Forward Time % Phy DF OF
1 Seth Jarvis 50 1 2 2
2 Andrei Svechnikov 50 1 2 2
Penalty Kill - 3 Players Defense
Defense Defense Time % Phy DF OF
1 Noah Dobson K'Andre Miller 50 1 2 2
2 Alexander Romanov Owen Power 50 1 2 2
4 vs 4 Forward
Center Wing Time % Phy DF OF
1 Seth Jarvis Andrei Svechnikov 50 1 2 2
2 Erik Brannstrom Logan Cooley 50 1 2 2
4 vs 4 Defense
Defense Defense Time % Phy DF OF
1 Noah Dobson K'Andre Miller 50 1 2 2
2 Alexander Romanov Owen Power 50 1 2 2
Last Minutes Offensive
Center Left Wing Right Wing Defense Defense
Logan Cooley Erik Brannstrom Seth Jarvis Noah Dobson K'Andre Miller
Last Minutes Defensive
Center Left Wing Right Wing Defense Defense
Logan Cooley Erik Brannstrom Seth Jarvis Noah Dobson K'Andre Miller
Goaltenders
Starting : Andrei Vasilevskiy
Backup : Jonas Johansson
Extra Forwards
Normal : Trent Frederic, Ryan Reaves, Seth Jarvis - PP : Trent Frederic, Ryan Reaves - PK : Seth Jarvis
Extra Defensemen
Normal : Noah Dobson, Erik Brannstrom, Alexander Romanov - PP : K'Andre Miller - PK : Erik Brannstrom, Alexander Romanov
Penalty Shots
Seth Jarvis, Andrei Svechnikov, Erik Brannstrom, Logan Cooley, Blake Wheeler
Scratches
Andrei Kuzmenko (Healthy), Jakub Zboril (Healthy)
Washington Capitals
5 vs 5 Forward
Center Left Wing Right Wing Time % Phy DF OF
1 Nico Hischier Alex Ovechkin Jason Robertson 30 1 2 2
2 Mikael Backlund Brad Marchand Drake Batherson 30 1 2 2
3 Nick Foligno Fabian Zetterlund Jordan Kyrou 25 1 2 2
4 Michael McLeod Owen Tippett Yegor Chinakhov 15 1 2 2
5 vs 5 Defense
Defense Defense Time % Phy DF OF
1 John Carlson Jamie Oleksiak 30 1 2 2
2 Thomas Harley Derek Forbort 30 1 2 2
3 Ian Cole Nick Jensen 25 1 2 2
4 Thomas Harley Jamie Oleksiak 15 1 2 2
PowerPlay Forward
Center Left Wing Right Wing Time % Phy DF OF
1 Nico Hischier Brad Marchand Jason Robertson 50 1 2 2
2 Jordan Kyrou Owen Tippett Drake Batherson 50 1 2 2
PowerPlay Defense
Defense Defense Time % Phy DF OF
1 John Carlson Nick Jensen 50 1 2 2
2 Thomas Harley Jamie Oleksiak 50 1 2 2
Penalty Kill 4 Players Forward
Center Wing Time % Phy DF OF
1 Mikael Backlund Brad Marchand 50 1 2 2
2 Michael McLeod Nick Foligno 50 1 2 2
Penalty Kill 4 Players Defense
Defense Defense Time % Phy DF OF
1 Derek Forbort Jamie Oleksiak 50 1 2 2
2 Nick Jensen Ian Cole 50 1 2 2
Penalty Kill - 3 Players Forward
Forward Time % Phy DF OF
1 Mikael Backlund 50 1 2 2
2 Michael McLeod 50 1 2 2
Penalty Kill - 3 Players Defense
Defense Defense Time % Phy DF OF
1 Derek Forbort Jamie Oleksiak 50 1 2 2
2 Nick Jensen Ian Cole 50 1 2 2
4 vs 4 Forward
Center Wing Time % Phy DF OF
1 Nico Hischier Alex Ovechkin 50 1 2 2
2 Jordan Kyrou Jason Robertson 50 1 2 2
4 vs 4 Defense
Defense Defense Time % Phy DF OF
1 John Carlson Nick Jensen 50 1 2 2
2 Thomas Harley Jamie Oleksiak 50 1 2 2
Last Minutes Offensive
Center Left Wing Right Wing Defense Defense
Nico Hischier Brad Marchand Jason Robertson Nick Jensen Thomas Harley
Last Minutes Defensive
Center Left Wing Right Wing Defense Defense
Mikael Backlund Brad Marchand Nick Foligno Derek Forbort Jamie Oleksiak
Goaltenders
Starting : Jake Oettinger
Backup : Sergei Bobrovsky
Extra Forwards
Normal : Jordan Kyrou, Nick Foligno, Owen Tippett - PP : Drake Batherson, Owen Tippett - PK : Fabian Zetterlund
Extra Defensemen
Normal : Derek Forbort, Nick Jensen, Thomas Harley - PP : Derek Forbort - PK : Nick Jensen, Thomas Harley
Penalty Shots
Jason Robertson, Drake Batherson, Yegor Chinakhov, John Carlson, Jordan Kyrou
Scratches
Stefan Noesen (Healthy)
% Time on Ice - Los Angeles Kings
Lines # - Real PCT - Wanted PCT - Time Play
Normal Forward
1 - 28% - 30% - 13:28
2 - 30% - 30% - 14:21
3 - 30% - 25% - 14:30
4 - 11% - 15% - 5:23
Normal Defense
1 - 35% - 35% - 16:33
2 - 36% - 35% - 16:57
3 - 30% - 30% - 14:12
4 - 0% - 0% - 0:00
PP Forward
1 - 48% - 50% - 2:18
2 - 52% - 50% - 2:32
PP Defense
1 - 46% - 50% - 2:14
2 - 54% - 50% - 2:36
PK Forward
1 - 49% - 50% - 3:03
2 - 51% - 50% - 3:10
PK Defense
1 - 51% - 50% - 3:10
2 - 49% - 50% - 3:03
PK3 Forward
1 - 0% - 50%
2 - 0% - 50%
PK3 Defense
1 - 0% - 50%
2 - 0% - 50%
44 Forward
1 - 0% - 50%
2 - 0% - 50%
44 Defense
1 - 0% - 50%
2 - 0% - 50%
Last Minute Offensive - 1:15
Last Minute Defensive - 0:00
Total
Forward - 60:00
Defense - 60:00
|
% Time on Ice - Washington Capitals
Lines # - Real PCT - Wanted PCT - Time Play
Normal Forward
1 - 28% - 30% - 13:30
2 - 28% - 30% - 13:35
3 - 25% - 25% - 12:00
4 - 18% - 15% - 8:47
Normal Defense
1 - 31% - 30% - 14:43
2 - 35% - 30% - 16:50
3 - 22% - 25% - 10:37
4 - 12% - 15% - 5:42
PP Forward
1 - 50% - 50% - 3:08
2 - 50% - 50% - 3:05
PP Defense
1 - 52% - 50% - 3:15
2 - 48% - 50% - 2:58
PK Forward
1 - 57% - 50% - 2:46
2 - 43% - 50% - 2:04
PK Defense
1 - 66% - 50% - 3:10
2 - 34% - 50% - 1:40
PK3 Forward
1 - 0% - 50%
2 - 0% - 50%
PK3 Defense
1 - 0% - 50%
2 - 0% - 50%
44 Forward
1 - 0% - 50%
2 - 0% - 50%
44 Defense
1 - 0% - 50%
2 - 0% - 50%
Last Minute Offensive - 0:00
Last Minute Defensive - 1:05
Total
Forward - 60:00
Defense - 60:00
|
Play-by-Play
1st period
0:01 of 1st period - Logan Cooley wins face-off versus Nico Hischier in neutral zone.
0:16 of 1st period - Slapshot by Jason Robertson.
0:16 of 1st period - Shot Blocked by Noah Dobson.
1:00 of 1st period - Backhand shot by Jordan Kyrou.
1:00 of 1st period - Stopped by Andrei Vasilevskiy without a rebound.
1:01 of 1st period - Cooper Marody wins face-off versus Michael McLeod in Los Angeles Kings zone.
1:16 of 1st period - Derek Forbort is hit by Cooper Marody and loses puck.
1:17 of 1st period - Derek Forbort from Washington Capitals is injured at 1:17 of 1st period (Bruised Left Leg).
1:18 of 1st period - Nico Hischier wins face-off versus Adam Fantilli in Washington Capitals zone.
1:27 of 1st period - Snap shot by Alex Ovechkin.
1:27 of 1st period - Stopped by Andrei Vasilevskiy without a rebound.
1:28 of 1st period - Nico Hischier wins face-off versus Adam Fantilli in Los Angeles Kings zone.
1:55 of 1st period - Snap shot by Adam Fantilli.
1:55 of 1st period - Stopped by Jake Oettinger with a rebound.
2:13 of 1st period - Snap shot by Adam Fantilli.
2:13 of 1st period - Shot Misses the Net.
2:29 of 1st period - Snap shot by Adam Fantilli.
2:29 of 1st period - Shot Misses the Net.
2:31 of 1st period - Slapshot by Adam Fantilli.
2:31 of 1st period - Stopped by Jake Oettinger without a rebound.
2:32 of 1st period - Mikael Backlund wins face-off versus Logan Cooley in Washington Capitals zone.
2:32 of 1st period - Mikael Backlund is hit by Owen Power.
2:44 of 1st period - Snap shot by Seth Jarvis.
2:44 of 1st period - Shot Blocked by Jamie Oleksiak.
2:46 of 1st period - Snap shot by Erik Brannstrom.
2:46 of 1st period - Stopped by Jake Oettinger without a rebound.
2:47 of 1st period - Peyton Krebs wins face-off versus Nick Foligno in Washington Capitals zone.
3:19 of 1st period - Minor Penalty to Logan Cooley for Holding.
3:20 of 1st period - Nico Hischier wins face-off versus Seth Jarvis in Los Angeles Kings zone.
3:22 of 1st period - Wrist shot by Brad Marchand.
3:22 of 1st period - Shot Misses the Net.
3:24 of 1st period - Wrist shot by Brad Marchand.
3:24 of 1st period - Goal by Brad Marchand - Los Angeles Kings : 0 - Washington Capitals : 1.
3:25 of 1st period - Mikael Backlund wins face-off versus Logan Cooley in neutral zone.
3:40 of 1st period - Snap shot by Drake Batherson.
3:40 of 1st period - Stopped by Andrei Vasilevskiy with a rebound.
3:57 of 1st period - Nick Jensen is hit by Michael Eyssimont and loses puck.
4:53 of 1st period - Peyton Krebs is hit by Brad Marchand and loses puck.
5:06 of 1st period - Snap shot by Drake Batherson.
5:06 of 1st period - Shot Misses the Net.
5:23 of 1st period - Wrist shot by Andrei Svechnikov.
5:23 of 1st period - Stopped by Jake Oettinger with a rebound.
5:33 of 1st period - Cooper Marody is hit by Fabian Zetterlund and loses puck.
5:40 of 1st period - Snap shot by Fabian Zetterlund.
5:40 of 1st period - Shot Misses the Net.
5:58 of 1st period - Snap shot by Jason Robertson.
5:58 of 1st period - Goal by Jason Robertson - Los Angeles Kings : 0 - Washington Capitals : 2.
5:59 of 1st period - Brad Marchand wins face-off versus Michael Eyssimont in neutral zone.
6:48 of 1st period - Owen Power is hit by Alex Ovechkin and loses puck.
7:16 of 1st period - Snap shot by Nick Foligno.
7:16 of 1st period - Deflect By Fabian Zetterlund.
7:16 of 1st period - Shot Blocked by Erik Brannstrom.
7:16 of 1st period - Puck is out of play.
7:17 of 1st period - Nick Foligno wins face-off versus Peyton Krebs in Los Angeles Kings zone.
7:30 of 1st period - Snap shot by Jordan Kyrou.
7:30 of 1st period - Stopped by Andrei Vasilevskiy without a rebound.
7:31 of 1st period - Logan Cooley wins face-off versus Mikael Backlund in Los Angeles Kings zone.
7:33 of 1st period - Minor Penalty to Noah Dobson for Holding.
7:34 of 1st period - Jordan Kyrou wins face-off versus Erik Brannstrom in Los Angeles Kings zone.
7:40 of 1st period - Wrist shot by Jordan Kyrou.
7:40 of 1st period - Stopped by Andrei Vasilevskiy with a rebound.
7:42 of 1st period - Snap shot by Jamie Oleksiak.
7:42 of 1st period - Shot Blocked by Owen Power.
7:44 of 1st period - Slapshot by Jamie Oleksiak.
7:44 of 1st period - Goal by Jamie Oleksiak - Los Angeles Kings : 0 - Washington Capitals : 3.
7:45 of 1st period - Logan Cooley wins face-off versus Mikael Backlund in neutral zone.
8:09 of 1st period - Icing by Erik Brannstrom.
8:10 of 1st period - Adam Fantilli wins face-off versus Nick Foligno in Los Angeles Kings zone.
8:39 of 1st period - Slapshot by Noah Dobson.
8:39 of 1st period - Shot Misses the Net.
9:07 of 1st period - Snap shot by Michael Eyssimont.
9:07 of 1st period - Stopped by Jake Oettinger with a rebound.
9:09 of 1st period - Snap shot by Michael Eyssimont.
9:09 of 1st period - Goal by Michael Eyssimont - Los Angeles Kings : 1 - Washington Capitals : 3.
9:10 of 1st period - Mikael Backlund wins face-off versus Logan Cooley in neutral zone.
9:18 of 1st period - Off-side.
9:19 of 1st period - Mikael Backlund wins face-off versus Erik Brannstrom in neutral zone.
9:55 of 1st period - Snap shot by Logan Cooley.
9:55 of 1st period - Deflect By Seth Jarvis.
9:55 of 1st period - Shot Blocked by Brad Marchand.
9:55 of 1st period - Puck is out of play.
9:56 of 1st period - Peyton Krebs wins face-off versus Nico Hischier in Washington Capitals zone.
10:08 of 1st period - Off-side.
10:09 of 1st period - Adam Fantilli wins face-off versus Michael McLeod in neutral zone.
10:17 of 1st period - Slapshot by Alexander Alexeyev.
10:17 of 1st period - Stopped by Jake Oettinger without a rebound.
10:18 of 1st period - Adam Fantilli wins face-off versus Michael McLeod in Washington Capitals zone.
10:48 of 1st period - Slapshot by Andrei Svechnikov.
10:48 of 1st period - Stopped by Jake Oettinger without a rebound.
10:49 of 1st period - Logan Cooley wins face-off versus Nick Foligno in Washington Capitals zone.
11:05 of 1st period - Slapshot by Fabian Zetterlund.
11:05 of 1st period - Deflect By Jordan Kyrou.
11:05 of 1st period - Stopped by Andrei Vasilevskiy with a rebound.
11:25 of 1st period - Snap shot by Alex Ovechkin.
11:25 of 1st period - Shot Misses the Net.
11:37 of 1st period - Andrei Svechnikov is hit by Jamie Oleksiak and loses puck.
11:44 of 1st period - Snap shot by Adam Fantilli.
11:44 of 1st period - Deflect By Andrei Svechnikov.
11:44 of 1st period - Stopped by Jake Oettinger with a rebound.
11:50 of 1st period - Snap shot by Owen Tippett.
11:50 of 1st period - Stopped by Andrei Vasilevskiy without a rebound.
11:51 of 1st period - Cooper Marody wins face-off versus Nick Foligno in Los Angeles Kings zone.
11:51 of 1st period - Cooper Marody is hit by Nick Foligno.
12:06 of 1st period - Snap shot by Fabian Zetterlund.
12:06 of 1st period - Goal by Fabian Zetterlund - Los Angeles Kings : 1 - Washington Capitals : 4.
12:07 of 1st period - Nico Hischier wins face-off versus Cooper Marody in neutral zone.
12:42 of 1st period - Minor Penalty to Drake Batherson for Roughing.
12:43 of 1st period - Logan Cooley wins face-off versus Mikael Backlund in Washington Capitals zone.
14:41 of 1st period - Thomas Harley is hit by Erik Brannstrom and loses puck.
14:42 of 1st period - Penalty to Drake Batherson is over, Drake Batherson is back on ice.
14:56 of 1st period - Snap shot by Peyton Krebs.
14:56 of 1st period - Stopped by Jake Oettinger without a rebound.
14:57 of 1st period - Nico Hischier wins face-off versus Peyton Krebs in Washington Capitals zone.
15:07 of 1st period - Michael Eyssimont is hit by Thomas Harley and loses puck.
16:02 of 1st period - Snap shot by Seth Jarvis.
16:02 of 1st period - Shot Misses the Net.
16:04 of 1st period - Slapshot by K'Andre Miller.
16:04 of 1st period - Stopped by Jake Oettinger with a rebound.
16:46 of 1st period - Jamie Oleksiak is hit by Andrei Svechnikov and loses puck.
17:12 of 1st period - Minor Penalty to Erik Brannstrom for Tripping.
17:13 of 1st period - Nico Hischier wins face-off versus Seth Jarvis in Los Angeles Kings zone.
17:26 of 1st period - Snap shot by Brad Marchand.
17:26 of 1st period - Shot Misses the Net.
17:40 of 1st period - Seth Jarvis is hit by Owen Tippett and loses puck.
17:47 of 1st period - Wrist shot by Jordan Kyrou.
17:47 of 1st period - Shot Blocked by Noah Dobson.
18:39 of 1st period - Logan Cooley is hit by Nico Hischier and loses puck.
19:12 of 1st period - Penalty to Erik Brannstrom is over, Erik Brannstrom is back on ice.
19:28 of 1st period - K'Andre Miller is hit by Thomas Harley and loses puck.
19:41 of 1st period - Wrist shot by Peyton Krebs.
19:41 of 1st period - Deflect By Nico Hischier.
19:41 of 1st period - Stopped by Jake Oettinger without a rebound.
19:42 of 1st period - Peyton Krebs wins face-off versus Nico Hischier in Washington Capitals zone.
19:49 of 1st period - Ian Cole is hit by Peyton Krebs and loses puck.
Goals for this period are 1 for Los Angeles Kings vs 4 for Washington Capitals.
Shots for this period are 12 for Los Angeles Kings vs 11 for Washington Capitals.
2nd period
0:01 of 2nd period - Mikael Backlund wins face-off versus Logan Cooley in neutral zone.
0:52 of 2nd period - Snap shot by Nico Hischier.
0:52 of 2nd period - Stopped by Andrei Vasilevskiy with a rebound.
0:54 of 2nd period - Wrist shot by Alex Ovechkin.
0:54 of 2nd period - Deflect By Jason Robertson.
0:54 of 2nd period - Stopped by Andrei Vasilevskiy without a rebound.
0:55 of 2nd period - Mikael Backlund wins face-off versus Logan Cooley in Los Angeles Kings zone.
1:21 of 2nd period - Nick Foligno is hit by Trent Frederic and loses puck.
1:28 of 2nd period - Slapshot by Adam Fantilli.
1:28 of 2nd period - Shot Blocked by John Carlson.
1:30 of 2nd period - Slapshot by Owen Power.
1:30 of 2nd period - Shot Hit the Post.
1:32 of 2nd period - Slapshot by Trent Frederic.
1:32 of 2nd period - Stopped by Jake Oettinger with a rebound.
1:48 of 2nd period - Snap shot by Jason Robertson.
1:48 of 2nd period - Shot Misses the Net.
1:50 of 2nd period - Slapshot by Jamie Oleksiak.
1:50 of 2nd period - Shot Misses the Net.
1:52 of 2nd period - Slapshot by Jamie Oleksiak.
1:52 of 2nd period - Shot Misses the Net.
2:08 of 2nd period - Snap shot by Brad Marchand.
2:08 of 2nd period - Shot Blocked by Michael Eyssimont.
2:10 of 2nd period - Slapshot by Nick Jensen.
2:10 of 2nd period - Deflect By Brad Marchand.
2:10 of 2nd period - Stopped by Andrei Vasilevskiy with a rebound.
2:12 of 2nd period - Snap shot by Ian Cole.
2:12 of 2nd period - Deflect By Brad Marchand.
2:12 of 2nd period - Stopped by Andrei Vasilevskiy with a rebound.
2:14 of 2nd period - Snap shot by Drake Batherson.
2:14 of 2nd period - Shot Misses the Net.
2:32 of 2nd period - Wrist shot by Owen Tippett.
2:32 of 2nd period - Shot Misses the Net.
2:34 of 2nd period - Slapshot by Michael McLeod.
2:34 of 2nd period - Shot Blocked by Erik Brannstrom.
2:36 of 2nd period - Slapshot by Nick Jensen.
2:36 of 2nd period - Shot Misses the Net.
2:38 of 2nd period - Slapshot by Nick Jensen.
2:38 of 2nd period - Stopped by Andrei Vasilevskiy with a rebound.
2:52 of 2nd period - Alexander Alexeyev is hit by Thomas Harley and loses puck.
3:02 of 2nd period - Snap shot by Nick Foligno.
3:02 of 2nd period - Stopped by Andrei Vasilevskiy with a rebound.
3:04 of 2nd period - Slapshot by Ian Cole.
3:04 of 2nd period - Stopped by Andrei Vasilevskiy without a rebound.
3:05 of 2nd period - Logan Cooley wins face-off versus Mikael Backlund in Los Angeles Kings zone.
3:10 of 2nd period - Wrist shot by Seth Jarvis.
3:10 of 2nd period - Stopped by Jake Oettinger without a rebound.
3:11 of 2nd period - Mikael Backlund wins face-off versus Logan Cooley in Washington Capitals zone.
4:11 of 2nd period - Peyton Krebs is hit by Fabian Zetterlund and loses puck.
4:57 of 2nd period - Snap shot by Fabian Zetterlund.
4:57 of 2nd period - Shot Blocked by Blake Wheeler.
5:11 of 2nd period - Wrist shot by Peyton Krebs.
5:11 of 2nd period - Stopped by Jake Oettinger without a rebound.
5:12 of 2nd period - Logan Cooley wins face-off versus Mikael Backlund in Washington Capitals zone.
5:15 of 2nd period - Snap shot by Seth Jarvis.
5:15 of 2nd period - Stopped by Jake Oettinger without a rebound.
5:16 of 2nd period - Mikael Backlund wins face-off versus Logan Cooley in Washington Capitals zone.
5:37 of 2nd period - Minor Penalty to Brad Marchand for Unsportsmanlike conduct.
5:38 of 2nd period - Mikael Backlund wins face-off versus Logan Cooley in Washington Capitals zone.
6:07 of 2nd period - Wrist shot by Adam Fantilli.
6:07 of 2nd period - Shot Misses the Net.
6:09 of 2nd period - Snap shot by Adam Fantilli.
6:09 of 2nd period - Stopped by Jake Oettinger without a rebound.
6:10 of 2nd period - Michael McLeod wins face-off versus Adam Fantilli in Washington Capitals zone.
6:10 of 2nd period - Michael McLeod is hit by Noah Dobson.
6:22 of 2nd period - Snap shot by Adam Fantilli.
6:22 of 2nd period - Shot Misses the Net.
6:24 of 2nd period - Snap shot by Adam Fantilli.
6:24 of 2nd period - Stopped by Jake Oettinger with a rebound.
6:26 of 2nd period - Slapshot by K'Andre Miller.
6:26 of 2nd period - Stopped by Jake Oettinger without a rebound.
6:27 of 2nd period - Logan Cooley wins face-off versus Michael McLeod in Washington Capitals zone.
7:25 of 2nd period - Off-side.
7:26 of 2nd period - Mikael Backlund wins face-off versus Logan Cooley in neutral zone.
7:37 of 2nd period - Penalty to Brad Marchand is over, Brad Marchand is back on ice.
7:56 of 2nd period - Icing by Noah Dobson.
7:57 of 2nd period - Michael McLeod wins face-off versus Peyton Krebs in Los Angeles Kings zone.
10:42 of 2nd period - Wrist shot by Peyton Krebs.
10:42 of 2nd period - Stopped by Jake Oettinger with a rebound.
10:44 of 2nd period - Slapshot by Owen Power.
10:44 of 2nd period - Shot Blocked by Owen Tippett.
10:46 of 2nd period - Wrist shot by Michael Milne.
10:46 of 2nd period - Deflect By Michael Eyssimont.
10:46 of 2nd period - Shot Misses the Net.
10:46 of 2nd period - Puck is out of play.
10:47 of 2nd period - Nico Hischier wins face-off versus Adam Fantilli in Washington Capitals zone.
11:12 of 2nd period - Jamie Oleksiak is hit by Seth Jarvis.
11:22 of 2nd period - Snap shot by Brad Marchand.
11:22 of 2nd period - Shot Misses the Net.
11:24 of 2nd period - Slapshot by John Carlson.
11:24 of 2nd period - Shot Blocked by Alexander Alexeyev.
12:00 of 2nd period - Fabian Zetterlund is hit by Erik Brannstrom and loses puck.
12:17 of 2nd period - Adam Fantilli is hit by Drake Batherson and loses puck.
13:59 of 2nd period - Adam Fantilli is hit by Fabian Zetterlund and loses puck.
15:17 of 2nd period - Alexander Romanov is hit by Drake Batherson and loses puck.
16:03 of 2nd period - Ryan Reaves is hit by Nico Hischier and loses puck.
16:32 of 2nd period - Drake Batherson is hit by Michael Milne and loses puck.
16:58 of 2nd period - Jason Robertson is hit by Seth Jarvis and loses puck.
18:37 of 2nd period - Alexander Romanov is hit by Jordan Kyrou and loses puck.
19:39 of 2nd period - Icing by Brad Marchand.
19:40 of 2nd period - Adam Fantilli wins face-off versus Michael McLeod in Washington Capitals zone.
Goals for this period are 0 for Los Angeles Kings vs 0 for Washington Capitals.
Shots for this period are 8 for Los Angeles Kings vs 7 for Washington Capitals.
3rd period
0:01 of 3rd period - Logan Cooley wins face-off versus Nico Hischier in neutral zone.
0:09 of 3rd period - Slapshot by Alexander Alexeyev.
0:09 of 3rd period - Stopped by Jake Oettinger with a rebound.
0:11 of 3rd period - Wrist shot by Seth Jarvis.
0:11 of 3rd period - Shot Blocked by Ian Cole.
0:13 of 3rd period - Snap shot by Erik Brannstrom.
0:13 of 3rd period - Shot Misses the Net.
0:15 of 3rd period - Slapshot by Blake Wheeler.
0:15 of 3rd period - Shot Misses the Net.
0:30 of 3rd period - Wrist shot by Adam Fantilli.
0:30 of 3rd period - Shot Hit the Post.
0:32 of 3rd period - Slapshot by Alexander Alexeyev.
0:32 of 3rd period - Shot Misses the Net.
0:34 of 3rd period - Snap shot by Andrei Svechnikov.
0:34 of 3rd period - Stopped by Jake Oettinger with a rebound.
1:08 of 3rd period - Erik Brannstrom is hit by Jamie Oleksiak and loses puck.
1:51 of 3rd period - Jamie Oleksiak is hit by Owen Power and loses puck.
2:08 of 3rd period - John Carlson is hit by Alexander Romanov and loses puck.
2:19 of 3rd period - Andrei Svechnikov is hit by Michael McLeod.
3:31 of 3rd period - Backhand shot by Peyton Krebs.
3:31 of 3rd period - Stopped by Jake Oettinger with a rebound.
3:43 of 3rd period - Erik Brannstrom is hit by Owen Tippett and loses puck.
4:03 of 3rd period - Minor Penalty to Michael Eyssimont for Hooking.
4:04 of 3rd period - Jordan Kyrou wins face-off versus Seth Jarvis in Los Angeles Kings zone.
4:11 of 3rd period - Snap shot by Drake Batherson.
4:11 of 3rd period - Shot Misses the Net.
6:03 of 3rd period - Penalty to Michael Eyssimont is over, Michael Eyssimont is back on ice.
6:15 of 3rd period - Snap shot by Yegor Chinakhov.
6:15 of 3rd period - Shot Misses the Net.
6:17 of 3rd period - Wrist shot by Fabian Zetterlund.
6:17 of 3rd period - Deflect By Adam Fantilli.
6:17 of 3rd period - Shot Misses the Net.
6:17 of 3rd period - Puck is out of play.
6:18 of 3rd period - Nick Foligno wins face-off versus Cooper Marody in Los Angeles Kings zone.
6:23 of 3rd period - Wrist shot by Yegor Chinakhov.
6:23 of 3rd period - Shot Misses the Net.
6:43 of 3rd period - Blake Wheeler is hit by John Carlson and loses puck.
7:22 of 3rd period - Logan Cooley is hit by Owen Tippett and loses puck.
7:27 of 3rd period - Wrist shot by Owen Tippett.
7:27 of 3rd period - Shot Hit the Post.
7:59 of 3rd period - Snap shot by Jason Robertson.
7:59 of 3rd period - Shot Misses the Net.
8:15 of 3rd period - Snap shot by Drake Batherson.
8:15 of 3rd period - Shot Misses the Net.
9:14 of 3rd period - Snap shot by Drake Batherson.
9:14 of 3rd period - Stopped by Andrei Vasilevskiy without a rebound.
9:15 of 3rd period - Nico Hischier wins face-off versus Logan Cooley in Los Angeles Kings zone.
9:22 of 3rd period - Wrist shot by Alex Ovechkin.
9:22 of 3rd period - Shot Misses the Net.
9:30 of 3rd period - Snap shot by Alex Ovechkin.
9:30 of 3rd period - Stopped by Andrei Vasilevskiy with a rebound.
10:09 of 3rd period - Snap shot by Peyton Krebs.
10:09 of 3rd period - Shot Misses the Net.
10:11 of 3rd period - Wrist shot by Michael Milne.
10:11 of 3rd period - Goal by Michael Milne - Los Angeles Kings : 2 - Washington Capitals : 4.
10:12 of 3rd period - Logan Cooley wins face-off versus Alex Ovechkin in neutral zone.
10:27 of 3rd period - Off-side.
10:28 of 3rd period - Mikael Backlund wins face-off versus Adam Fantilli in neutral zone.
10:40 of 3rd period - Off-side.
10:41 of 3rd period - Nico Hischier wins face-off versus Logan Cooley in neutral zone.
10:54 of 3rd period - Slapshot by Alex Ovechkin.
10:54 of 3rd period - Stopped by Andrei Vasilevskiy with a rebound.
10:56 of 3rd period - Slapshot by Jamie Oleksiak.
10:56 of 3rd period - Stopped by Andrei Vasilevskiy with a rebound.
10:58 of 3rd period - Slapshot by Jamie Oleksiak.
10:58 of 3rd period - Stopped by Andrei Vasilevskiy with a rebound.
11:23 of 3rd period - Adam Fantilli is hit by Brad Marchand and loses puck.
11:32 of 3rd period - Michael Eyssimont is hit by Ian Cole and loses puck.
11:37 of 3rd period - Wrist shot by Drake Batherson.
11:37 of 3rd period - Shot Misses the Net.
11:39 of 3rd period - Slapshot by Drake Batherson.
11:39 of 3rd period - Stopped by Andrei Vasilevskiy without a rebound.
11:40 of 3rd period - Logan Cooley wins face-off versus Nico Hischier in Los Angeles Kings zone.
12:28 of 3rd period - Wrist shot by Michael Eyssimont.
12:28 of 3rd period - Shot Misses the Net.
12:30 of 3rd period - Slapshot by Owen Power.
12:30 of 3rd period - Stopped by Jake Oettinger with a rebound.
12:32 of 3rd period - Slapshot by Michael Eyssimont.
12:32 of 3rd period - Stopped by Jake Oettinger without a rebound.
12:33 of 3rd period - Nico Hischier wins face-off versus Logan Cooley in Washington Capitals zone.
12:43 of 3rd period - Off-side.
12:44 of 3rd period - Mikael Backlund wins face-off versus Logan Cooley in neutral zone.
13:21 of 3rd period - Slapshot by Mikael Backlund.
13:21 of 3rd period - Stopped by Andrei Vasilevskiy with a rebound.
13:56 of 3rd period - Minor Penalty to Owen Tippett for Holding.
13:57 of 3rd period - Michael McLeod wins face-off versus Logan Cooley in Washington Capitals zone.
14:10 of 3rd period - Backhand shot by Michael McLeod.
14:10 of 3rd period - Stopped by Andrei Vasilevskiy with a rebound.
14:41 of 3rd period - Brad Marchand is hit by Adam Fantilli and loses puck.
14:46 of 3rd period - Slapshot by Adam Fantilli.
14:46 of 3rd period - Shot Blocked by Jamie Oleksiak.
14:48 of 3rd period - Slapshot by Adam Fantilli.
14:48 of 3rd period - Deflect By Andrei Svechnikov.
14:48 of 3rd period - Goal by Andrei Svechnikov - Los Angeles Kings : 3 - Washington Capitals : 4.
14:49 of 3rd period - Nico Hischier wins face-off versus Logan Cooley in neutral zone.
15:25 of 3rd period - Wrist shot by Andrei Svechnikov.
15:25 of 3rd period - Shot Misses the Net.
16:39 of 3rd period - Snap shot by Nick Foligno.
16:39 of 3rd period - Stopped by Andrei Vasilevskiy without a rebound.
16:40 of 3rd period - Jordan Kyrou wins face-off versus Peyton Krebs in Los Angeles Kings zone.
16:44 of 3rd period - Minor Penalty to Peyton Krebs for High sticking.
16:45 of 3rd period - Brad Marchand wins face-off versus Seth Jarvis in Los Angeles Kings zone.
17:11 of 3rd period - Andrei Svechnikov is hit by Ian Cole and loses puck.
18:44 of 3rd period - Penalty to Peyton Krebs is over, Peyton Krebs is back on ice.
18:50 of 3rd period - Trent Frederic is hit by John Carlson and loses puck.
18:57 of 3rd period - Los Angeles Kings, Andrei Vasilevskiy is pulled from the net.
18:57 of 3rd period - Slapshot by Alexander Romanov.
18:57 of 3rd period - Stopped by Jake Oettinger without a rebound.
18:58 of 3rd period - Benoit Groulx call a timeout for Los Angeles Kings.
18:58 of 3rd period - Yegor Chinakhov wins face-off versus Trent Frederic in Washington Capitals zone.
19:03 of 3rd period - Backhand shot by Blake Wheeler.
19:03 of 3rd period - Shot Misses the Net.
19:29 of 3rd period - Nick Foligno is hit by Ryan Reaves and loses puck.
Goals for this period are 2 for Los Angeles Kings vs 0 for Washington Capitals.
Shots for this period are 8 for Los Angeles Kings vs 9 for Washington Capitals.
Back to the Top